 Dungeon Sprint DCSS version bcrawl-1.31 (webtiles) character file.

Game seed: 3055390766771638060

481545 Dniw the Carver (level 6, -2/55 HPs)
             Began as a Vampire Reaver on Mar 24, 2021.
             Was a Follower of Vehumet.
             Slain by Sonja
             ... wielding a +0 dagger of distortion
              (20 damage)
             ... in the Dungeon (Sprint I: "Red Sonja").
             The game lasted 00:09:46 (728 turns).

Dniw the Carver (Vampire Reaver)                     Turns: 728, Time: 00:09:47

Health: -2/55      AC:  5    Str: 14    XL:     6   Next: 66%
Magic:  10/11      EV: 16    Int: 14    God:    Vehumet [*.....]
Gold:   297        SH:  3    Dex: 14    Spells: 9/12 levels left

rFire    . . .     SeeInvis +   a - +0 long sword
rCold    + . .     Gourm    .   (no shield)
rNeg     + + .     Faith    .   b - +0 steam dragon scales
rPois    ∞         Spirit   .   (no helmet)
rElec    .         Reflect  .   (no cloak)
rCorr    .         Harm     .   (no gloves)
MR       .....     NoTele   +   (no boots)
Stlth    +++++.....             (no amulet)
HPRegen  0.09/turn              (no ring)
MPRegen  0.12/turn              (no ring)

@: regenerating slowly
A: claws 1, fangs 3, see invisible, unbreathing
a: Renounce Religion


You were in the Dungeon.
You worshipped Vehumet.
Vehumet was aware of your devotion.
You were thirsty.

You visited 1 branch You collected 297 gold pieces.

Inventory:

Hand Weapons
 a - a +0 long sword (weapon)
 k - a +2 dagger of chaos
 l - a +0 hunting sling
 o - a +0 giant spiked club
 p - a +0 scythe
Missiles
 m - 200 sling bullets
Armour
 b - +0 steam dragon scales (worn)
 n - a +0 leather armour
 r - a +0 robe
Wands
 e - a wand of polymorph (7)
Scrolls
 d - a scroll of immolation
 i - a scroll of identify
 j - a scroll of blinking
Potions
 c - 2 potions of haste
 f - a potion of curing
 g - a potion of heal wounds
 h - 2 potions of magic
 q - a potion of blood
 s - a potion of berserk rage


   Skills:
 + Level 7.3 Fighting
 + Level 11.1 Long Blades
 + Level 7.9 Dodging
 + Level 6.1 Stealth
 + Level 3.9 Spellcasting


You had 9 spell levels left.
You knew the following spells:

 Your Spells              Type           Power        Failure   Level  Hunger
a - Magic Dart            Conj           #...         5%          1    None
b - Throw Frost           Conj/Ice       #.....       3%          2    None

Your spell library contained the following spells:

 Spells                   Type           Power        Failure   Level  Hunger
 Freeze                   Ice            #.....       5%          1    None
 Throw Icicle             Conj/Ice       #.......     43%         4    #####..
 Ozocubu's Armour         Chrm/Ice       #.......     52%         3    ###....
 Iskenderun's Battlesphe  Conj/Chrm      #.......     77%         5    ######.
 Ice Form                 Ice/Tmut       #.......     89%         4    #####..
 Summon Ice Beast         Ice/Summ       #.......     89%         4    #####..


Dungeon Overview and Level Annotations

Branches:
Dungeon (1/1)

Altars:
Cheibriados
Dithmenos
Elyvilon
Fedhas
Gozag
Hepliaklqana
Kikubaaqudgha
Lugonu
Makhleb
Nemelex Xobeh
Okawaru
Qazlal
Ru
Sif Muna
Trog
Uskayaw
Vehumet
Wu Jian
Xom
Yredelemnul
Zin
The Shining One
Jiyva

Shops:
D !

Annotations:
D Sonja


Innate Abilities, Weirdness & Mutations

You heal slowly.
You are immune to poison.
You have sharp fingernails.
You have razor-sharp teeth.
You have supernaturally acute eyesight. (SInv)
You can survive without breathing.


Message History

Sonja is moderately wounded.
Sonja closely misses you.
Sonja hits you with a +0 dagger of distortion.
Space bends around you.
Sonja hits you with a +0 dagger of distortion.
Space bends around you.
You hit Sonja but do no damage.
Sonja is moderately wounded.
Sonja hits you with a +0 dagger of distortion!
Sonja closely misses you. Sonja barely misses you.
Casting: Magic Dart (safe; 5% risk of failure)
Confirm with . or Enter, or press ? or * to list all spells.
Aiming: Magic Dart (safe; 5% risk of failure)
Press: ? - help, Shift-Dir - straight line, f - Sonja
Aim: Sonja, wielding a +0 dagger of distortion and carrying a wand of random effects (10) (moderately wounded)
The magic dart hits Sonja but does no damage.
Sonja is moderately wounded.
Sonja hits you but does no damage. Space bends around you.
Sonja hits you but does no damage. Space warps horribly around you!!
You die...

#<.#..'..#..'..#__#
#..'.÷#.÷'†.#..'^J+
#..#####'#####'#__#
#..####..#...#(# ##
#..#__####..##.#
#..#_____##'#_.+
#⌠⌠#_.∩...'..._#
####_..__##_.#K#
#_____###'#@#
####### #.### $§$
#$.$# ##.## #+#


You could see Sonja.

Vanquished Creatures
  Sigmund (D)
  A yak (D)
  An ogre (D)
  A jelly (D)
  Ijyb (D)
5 creatures vanquished.

Notes
Turn   | Place    | Note
-------+----------+-------------------------------------------
     0 | D        | Dniw the Vampire Reaver began the quest for the Orb.
     0 | D        | Reached XP level 1. HP: 17/17 MP: 3/3
     4 | D        | Noticed Ijyb
    18 | D        | Noticed an ogre
    22 | D        | Killed Ijyb
    23 | D        | Reached skill level 5 in Long Blades
    23 | D        | Reached skill level 1 in Stealth
    23 | D        | Reached XP level 2. HP: 22/25 MP: 5/5
    50 | D        | HP: 1/25 [ogre/+0 giant spiked club (23)]
    57 | D        | Killed an ogre
    57 | D        | Reached * piety under Vehumet
    57 | D        | Offered knowledge of Magic Dart by Vehumet.
    58 | D        | Reached skill level 5 in Fighting
    58 | D        | Reached skill level 7 in Long Blades
    58 | D        | Reached skill level 5 in Dodging
    58 | D        | Reached XP level 3. HP: 2/33 MP: 5/7
    58 | D        | Reached XP level 4. HP: 3/39 MP: 5/8
    60 | D        | Learned a level 1 spell: Magic Dart
   298 | D        | Noticed Sigmund
   308 | D        | Killed Sigmund
   309 | D        | Reached skill level 9 in Long Blades
   309 | D        | Reached XP level 5. HP: 40/47 MP: 6/10
   367 | D        | Found a burning altar of Makhleb.
   367 | D        | Found a viscous altar of Jiyva.
   367 | D        | Found a shimmering altar of Xom.
   367 | D        | Found a corrupted altar of Lugonu.
   367 | D        | Noticed a slime creature
   368 | D        | Found an ornate altar of the Wu Jian Council.
   368 | D        | Found a shimmering blue altar of Sif Muna.
   370 | D        | Found a radiant altar of Vehumet.
   376 | D        | Learned a level 2 spell: Throw Frost
   381 | D        | Reached skill level 5 in Stealth
   381 | D        | Reached XP level 6. HP: 40/53 MP: 5/11
   532 | D        | Found Fiafir's Distillery.
   532 | D        | Found an ancient bone altar of Kikubaaqudgha.
   532 | D        | Found a hazy altar of Hepliaklqana.
   532 | D        | Found a stormy altar of Qazlal.
   532 | D        | Found a hide-covered altar of Uskayaw.
   532 | D        | Found a blossoming altar of Fedhas.
   532 | D        | Found a bloodstained altar of Trog.
   532 | D        | Found an iron altar of Okawaru.
   532 | D        | Found a basalt altar of Yredelemnul.
   532 | D        | Found a glowing golden altar of the Shining One.
   532 | D        | Found a snail-covered altar of Cheibriados.
   532 | D        | Found a sacrificial altar of Ru.
   532 | D        | Found a glowing silver altar of Zin.
   532 | D        | Found a shadowy altar of Dithmenos.
   532 | D        | Found a white marble altar of Elyvilon.
   532 | D        | Noticed a yak
   533 | D        | Found an opulent altar of Gozag.
   563 | D        | Killed a yak
   564 | D        | Reached skill level 11 in Long Blades
   691 | D        | Found a sparkling altar of Nemelex Xobeh.
   714 | D        | Noticed Sonja
   728 | D        | Slain by Sonja

Skill      XL: |  1  2  3  4  5  6 |
---------------+-------------------+-----
Fighting       | 3 5 6 7 |  7.3
Long Blades    | 5 7 9 11 | 11.1
Dodging        | 4 5 7 |  7.9
Stealth        | 1 2 4 5 6 |  6.1
Spellcasting   | 3 |  3.9

Action                   |  1- 3 |  4- 6 || total
-------------------------+-------+-------++-------
Melee: Long sword        |    21 |    24 ||    45
       Bite              |     2 |     4 ||     6
 Cast: Magic Dart        |       |     5 ||     5
       Throw Frost       |       |     2 ||     2
 Stab: Invisible         |     1 |       ||     1
       Sleeping          |     1 |     1 ||     2
Armor: Steam dragon scal |     2 |     3 ||     5
Dodge: Dodged            |    12 |    16 ||    28
Block: Other             |       |     4 ||     4
